 Dungeon Crawl Stone Soup version 0.25.0-41-g26779e291d (webtiles) character file.

Game seed: 9870188747051542353

55 Ethylacetat the Insei (level 3, -1/24 HPs)
             Began as an Octopode Transmuter on July 10, 2020.
             Slain by a phantom (5 damage)
             ... on level 2 of the Dungeon.
             The game lasted 00:04:33 (1591 turns).

Ethylacetat the Insei (Octopode Transmuter)         Turns: 1591, Time: 00:04:34

Health: -1/24      AC:  1    Str: 10    XL:     3   Next: 93%
Magic:  5/6        EV: 13    Int: 15    God:
Gold:   88         SH:  0    Dex: 12    Spells: 5/6 levels left

rFire    . . .     SeeInvis .     - Unarmed
rCold    . . .     Gourm    .   (no shield)
rNeg     . . .     Faith    .   (helmet restricted)
rPois    .         Spirit   .   (no amulet)
rElec    .         Reflect  .   (no ring)
rCorr    .         Harm     .   (no ring)
MR       .....                  (no ring)
Stlth    ++........             (no ring)
HPRegen  0.08/turn              (no ring)
MPRegen  0.10/turn              (no ring)
                                (no ring)
                                (no ring)

@: appendage
A: almost no armour, stealthy swim, amphibious, 8 rings, constrict 8, tentacle
spike 3, camouflage 1, gelatinous body 1
a: End Transformation


You were on level 2 of the Dungeon.
You were not hungry.
One of your tentacles had a temporary spike.
You visited 1 branch of the dungeon, and saw 2 of its levels.

You collected 88 gold pieces.

Inventory:

Missiles
 a - 35 arrows
Scrolls
 b - a scroll of amnesia {unknown}
 e - 2 scrolls of identify {unknown}
 g - 3 scrolls of remove curse {unknown}
 h - a scroll of magic mapping {unknown}
 j - a scroll of fear {unknown}
Potions
 d - a potion of heal wounds {unknown}
 f - a potion of mutation {unknown}
 i - a potion of degeneration {unknown}
Comestibles
 c - 2 rations


   Skills:
 * Level 2.1 Fighting
 - Level 2.0 Dodging
 * Level 3.6 Unarmed Combat
 + Level 2.3 Spellcasting
 + Level 2.4 Transmutations


You had 5 spell levels left.
You knew the following spells:

 Your Spells              Type           Power        Failure   Level  Hunger
a - Beastly Appendage     Tmut           #.....       8%          1    #......

Your spell library contained the following spells:

 Spells                   Type           Power        Failure   Level  Hunger
 Sticks to Snakes         Tmut           #.......     12%         2    ###....
 Spider Form              Tmut/Pois      #.........   36%         3    ###....
 Ice Form                 Ice/Tmut       #.......     78%         4    #####..
 Blade Hands              Tmut           #.........   91%         5    ######.


Dungeon Overview and Level Annotations

Branches:
Dungeon (2/15)

Altars:


Innate Abilities, Weirdness & Mutations

You cannot wear most types of armour.
You are very stealthy in the water. (Stealth+)
You are amphibious.
You can wear up to eight rings at the same time.
You can use your tentacles to constrict eight enemies at once.
Your skin changes colour to match your surroundings (Stealth+).
Your rubbery body absorbs attacks. (AC +1, EV +1)
One of your tentacles bears a large vicious spike.


Message History

You extend your transformation's duration.
The phantom completely misses you.
You closely miss the phantom.
The phantom is heavily damaged.
The phantom blinks!
You tentacle-slap the phantom but do no damage.
You squeeze the phantom, but do no damage.
The phantom is heavily damaged.
The phantom closely misses you.
You barely miss the phantom.
Your tentacle spike misses the phantom.
The phantom is heavily damaged.
The phantom barely misses you.
You barely miss the phantom.
Your tentacle spike misses the phantom.
The phantom is heavily damaged.
The phantom hits you.
* * * LOW HITPOINT WARNING * * *
You closely miss the phantom. You tentacle-slap the phantom.
The phantom is severely damaged.
The phantom hits you.
You die...

.......#...##...####
###.....
..<....#......###
#####..W....
#.......<.###.#
#......#..#..
#.....##### #.##
..#####.W.#.. .......#
##..#####.# #.......
.......# #.........#
##.##.#.. .......#
#........#####..##.##.
#.....##
#......[.....(.....?..
##...##
#....@W..#####.###.##.
##### #........# ..#
#.# #.....)..# .###
#.# ####.##### . #..
#.. # ##. .


You could see a phantom.

Vanquished Creatures
  A worm (D:2)
  4 dart slugs
  A leopard gecko (D:2)
  A bat (D:2)
  6 goblins (D:1)
  8 hobgoblins
  6 jackals
  4 kobolds (D:1)
  A quokka (D:2)
  4 frilled lizards (D:1)
  3 rats
39 creatures vanquished.

Notes
Turn   | Place    | Note
-------+----------+-------------------------------------------
     0 | D:1      | Ethylacetat the Octopode Transmuter began the quest for the
                  | Orb.
     0 | D:1      | Reached XP level 1. HP: 13/13 MP: 3/3
   155 | D:1      | Reached XP level 2. HP: 18/18 MP: 5/5
   536 | D:1      | Reached XP level 3. HP: 24/24 MP: 6/6
  1416 | D:2      | Noticed a phantom
  1591 | D:2      | Slain by a phantom

Illustrated notes

Levels and vault maps discovered:
D:1:      dpeg_arrival_ternary, layout_basic, minmay_tree_intersection
D:2:      layout_rooms, nicolae_overflow_hidden_temple

Skill      XL: |  1  2  3 |
---------------+----------+-----
Fighting       | 2 |  2.1
Dodging        | |  2.0
Unarmed Combat | |  3.6
Spellcasting   | |  2.3
Transmutations | |  2.4

Action                   || total
-------------------------++-------
Melee: Unarmed           ||   113
       Constrict         ||    26
       Tentacles         ||    17
       Punch             ||     2
       Kick              ||     2
 Cast: Beastly Appendage ||     4
 Stab: Sleeping          ||     4
  Eat: Chunk             ||     2
Armor: Skin              ||     5
Dodge: Dodged            ||    73
